 Dungeon Crawl Stone Soup version 0.29-a0-819-g94b489e0ae (webtiles) character file.

Game seed: 6870608922879303211

6570 Colgate the Fighter (level 11, -2/72 HPs)
             Began as a Kobold Brigand on July 6, 2022.
             Was an Elder of Trog.
             Slain by a troll (12 damage)
             ... on level 9 of the Dungeon on July 7, 2022.
             The game lasted 00:35:25 (13771 turns).

Colgate the Fighter (Kobold Brigand)               Turns: 13771, Time: 00:35:26

Health: -2/72      AC:  3    Str:  9    XL:     11   Next: 21%
Magic:  11/11      EV: 19    Int: 12    God:    Trog [****..]
Gold:   552        SH:  0    Dex: 21    Spells: 10/10 levels left

rFire   + . .      SeeInvis +   a - +2 dagger (elec)
rCold   . . .      Faith    .   (no shield)
rNeg    + . .      Spirit   .   p - +0 robe
rPois   .          Reflect  .   (no helmet)
rElec   .          Harm     .   c - +0 cloak
rCorr   +          Rampage  .   (no gloves)
Will    .....                   (no boots)
Stlth   ++++++....              (no amulet)
HPRegen 0.22/turn               M - ring of see invisible
MPRegen 0.12/turn               L - ring "Omelal" {rF+ rN+ rCorr}

@: no status effects
A: small, no large weapons, nightstalker 3
a: Renounce Religion, Berserk, Trog's Hand, Brothers in Arms


You were on level 9 of the Dungeon.
You worshipped Trog.
Trog was greatly pleased with you.
You visited 2 branches of the dungeon, and saw 10 of its levels.
You also visited: Bailey.

You collected 694 gold pieces.
You spent 142 gold pieces at shops.

Inventory:

Hand Weapons
 a - a +2 dagger of electrocution (weapon)
 b - a +1 vampiric short sword
Missiles
 d - 44 poisoned darts (quivered)
 e - 5 curare-tipped darts
 k - an atropa-tipped dart
 F - 2 throwing nets {!f}
 G - 8 boomerangs
Armour
 c - a +0 cloak (worn)
 p - a +0 robe (worn)
 N - the +0 fire dragon scales of Dawn {rElec rPois rF++ rC- Will- Int+3}
   (You found it in a bailey)

   Int:       It affects your intelligence (+3).
   rF:        It greatly protects you from fire.
   rC:        It makes you vulnerable to cold.
   rElec:     It insulates you from electricity.
   rPois:     It protects you from poison.
   Will:      It decreases your willpower.
Jewellery
 g - a +6 ring of strength
 t - a ring of fire
 K - a ring of poison resistance
 L - the ring "Omelal" (right hand) {rF+ rN+ rCorr}
   (You found it on level 7 of the Dungeon)

   [ring of positive energy]

   rF:        It protects you from fire.
   rN:        It protects you from negative energy.
   rCorr:     It protects you from acid and corrosion.
 M - a ring of see invisible (left hand)
Wands
 i - a wand of quicksilver (4)
 u - a wand of charming (13)
 y - a wand of digging (2) {@v3}
 H - a wand of mindburst (4)
 J - a wand of roots (19)
Scrolls
 f - 9 scrolls of teleportation {@r3}
 h - 2 scrolls of noise
 o - 2 scrolls of amnesia
 q - a scroll of enchant armour {unknown}
 s - 3 scrolls of blinking {@r4}
 v - 2 scrolls of enchant weapon
 B - 2 scrolls of fear
 C - a scroll of magic mapping {@r5}
 E - a scroll of vulnerability
 I - a scroll of immolation {unknown}
Potions
 j - 2 potions of degeneration
 l - 4 potions of mutation
 m - 3 potions of heal wounds {@q2}
 r - 2 potions of attraction
 w - a potion of magic
 x - 4 potions of might {@q3}
 z - 3 potions of ambrosia
 A - a potion of curing {@q1}
 D - 2 potions of invisibility
 O - 3 potions of haste {unknown}


   Skills:
 - Level 10.2 Fighting
 - Level 10.1 Short Blades
 - Level 2.1 Throwing
 + Level 6.9 Dodging
 - Level 9.3 Stealth
 - Level 10.0 Evocations


You had 10 spell levels left.
You didn't know any spells.
Your spell library was empty.

Dungeon Overview and Level Annotations

Branches:
Dungeon (9/15)             Temple (1/1) D:4          Bailey (visited)
   Lair: D:8-11         Orc: D:9-12

Altars:
Ashenzari
Cheibriados
Dithmenos
Elyvilon
Fedhas
Gozag
Hepliaklqana
Kikubaaqudgha
Makhleb
Nemelex Xobeh
Okawaru
Qazlal
Ru
Sif Muna
Trog
Uskayaw
Vehumet
Wu Jian
Xom
Yredelemnul
Zin
The Shining One

Shops:
D:3 *   D:5 *

Annotations:
D:4 3 runed translucent doors, Smoky173's ghost, amateur DsNe


Innate Abilities, Weirdness & Mutations

You are small and have problems with some larger weapons.
You are completely attuned to the shadows.


Message History

You hit the hound but do no damage. Lightning courses through the hound!
You kill the hound!
Trog accepts your kill. The hound misses you. The troll bites you.
The troll claws you! The troll claws you. The hound bites you.
Items here: )) [[.
There is a stone staircase leading up here.
You completely miss the hound. The hound bites you but does no damage.
You hit the hound. The hound barely misses you.
You hit the hound. The hound bites you.
You hit the hound. You barely miss the hound. The hound completely misses you.
You barely miss the hound. The hound bites you.
* * * LOW HITPOINT WARNING * * *
You hit the hound. The hound closely misses you.
You completely miss the hound. The hound misses you.
You completely miss the hound. You barely miss the hound.
The hound completely misses you.
You hit the hound. The hound closely misses you.
You hit the hound. The hound barely misses you.
You hit the hound. You hit the hound.
You kill the hound!
Trog accepts your kill.
A hound comes into view.
The troll barely misses you. The troll claws you!
* * * LOW HITPOINT WARNING * * *
The troll claws you.
* * * LOW HITPOINT WARNING * * *
Items here: )) [[ †.
The hound barks!
You hit the troll. The troll closely misses you. The troll misses you.
The troll barely misses you.
You hit the troll. Lightning courses through the troll! You hit the troll.
The troll misses you. The troll closely misses you.
The troll barely misses you.
You hit the troll but do no damage. You hit the troll but do no damage.
Lightning courses through the troll! The hound barely misses you.
The troll bites you!
You die...

#...≈≈≈≈
..##..≈≈≈≈≈.
#.##..≈≈≈≈≈.
#.##.S≈†≈.≈T
#.##h..≈≈.≈.
#<<@T...≈.≈.
#.##....!...
#.##........
#.#####.####
#.# #.# #.#
.#


You could see a troll, a hound and an electric eel.

Vanquished Creatures
  A two-headed ogre (D:8)
  A deep elf pyromancer (Bailey)
  A hornet (D:8)
  5 yaks
  2 wyverns
  A steam dragon (D:7)
  Edmund (D:4)
  2 water moccasins (D:8)
  4 orc warriors
  2 black bears
  2 ice beasts
  A centaur (D:8)
  2 ogres (D:5)
  2 kobold brigands
  2 bullfrogs
  A necrophage (D:7)
  3 gnoll sergeants
  4 scorpions
  7 wights
  An electric eel (D:9)
  7 hounds
  2 jellies (D:5)
  7 orc priests
  Ijyb (D:4)
  2 iguanas
  7 orc wizards
  17 gnolls (D:5)
  7 adders
  A shadow imp (D:4)
  A white imp (D:6)
  4 ufetubi
  3 worms
  A dart slug (D:1)
  49 orcs
  10 endoplasms
  2 giant cockroaches (D:4)
  12 goblins
  5 hobgoblins
  12 jackals (D:5)
  7 quokkas
  7 ball pythons
  A bat (D:2)
  2 frilled lizards
  15 kobolds
  5 rats
232 creatures vanquished.

Vanquished Creatures (collateral kills)
  An orc knight (Bailey)
  An orc warrior (Bailey)
  3 orcs (Bailey)
5 creatures vanquished.

Vanquished Creatures (others)
  An ogre (D:5)
  3 fungi
  3 plants
7 creatures vanquished.

Grand Total: 244 creatures vanquished

Notes
Turn   | Place    | Note
-------+----------+-------------------------------------------
     0 | D:1      | Colgate the Kobold Brigand began the quest for the Orb.
     0 | D:1      | Reached XP level 1. HP: 12/12 MP: 1/1
   142 | D:1      | Reached XP level 2. HP: 17/17 MP: 2/2
   428 | D:1      | Reached XP level 3. HP: 21/21 MP: 3/3
   689 | D:1      | Found a faded altar of an unknown god.
   708 | D:1      | Prayed at the altar of an unknown god.
   708 | D:1      | Became a worshipper of Trog the Wrathful
   708 | D:1      | Reached * piety under Trog
  1165 | D:2      | Reached XP level 4. HP: 26/26 MP: 4/4
  1296 | D:2      | You fall into a shaft and drop 2 floors!
  1686 | D:3      | Found an iron altar of Okawaru.
  1721 | D:3      | Reached ** piety under Trog
  1850 | D:3      | Found Ykhep's General Store.
  1856 | D:3      | Bought a scroll of blinking for 97 gold pieces
  2368 | D:4      | Reached XP level 5. HP: 30/30 MP: 5/5
  2617 | D:4      | Noticed Edmund
  2622 | D:4      | Killed Edmund
  2623 | D:4      | Reached XP level 6. HP: 35/35 MP: 6/6
  2647 | D:4      | Reached skill level 5 in Short Blades
  2756 | D:4      | Found a staircase to the Ecumenical Temple.
  2778 | Temple   | Entered the Ecumenical Temple
  3138 | D:4      | Noticed Ijyb
  3142 | D:4      | Killed Ijyb
  3191 | D:4      | Noticed a black bear
  3205 | D:4      | Killed a black bear
  3206 | D:4      | Reached XP level 7. HP: 37/40 MP: 7/7
  3380 | D:4      | Found a runed translucent gate.
  3382 | D:4      | Found a runed translucent gate.
  3383 | D:4      | Found a runed translucent gate.
  3383 | D:4      | Noticed Smoky173's ghost (amateur DsNe)
  3689 | D:5      | Entered Level 5 of the Dungeon
  3787 | D:5      | Found Gyvelikk's Lightly-Used Armoury.
  4172 | D:5      | Reached XP level 8. HP: 16/44 MP: 8/8
  4184 | D:5      | HP: 3/66 [jackal (1)]
  4562 | D:5      | Reached *** piety under Trog
  4677 | D:3      | Bought a scroll of fear for 45 gold pieces
  4968 | D:5      | Reached skill level 10 in Short Blades
  6368 | D:5      | Reached skill level 5 in Fighting
  6442 | D:5      | Reached XP level 9. HP: 43/54 MP: 9/9
  7229 | D:5      | Reached **** piety under Trog
  7946 | D:5      | Found Gyvelikk's Lightly-Used Armoury.
  9556 | D:6      | Reached skill level 1 in Evocations
 10158 | D:7      | Reached skill level 5 in Dodging
 10196 | D:7      | Identified the ring "Omelal" {rF+ rN+ rCorr}
 10288 | D:7      | Reached XP level 10. HP: 33/65 MP: 10/10
 11089 | D:8      | Found a flagged portal.
 11119 | Bailey   | Entered a bailey
 11324 | Bailey   | Found a large runed translucent door.
 11324 | Bailey   | Found a large runed translucent door.
 11325 | Bailey   | Noticed a deep elf pyromancer
 11331 | Bailey   | Noticed an orc knight
 11360 | Bailey   | Killed an orc knight
 11361 | Bailey   | Reached skill level 10 in Fighting
 11686 | Bailey   | Killed a deep elf pyromancer
 11702 | Bailey   | Identified the +0 fire dragon scales of Dawn {rElec rPois
                  | rF++ rC- Will- Int+3}
 11860 | D:8      | Reached skill level 5 in Evocations
 12987 | D:8      | Reached XP level 11. HP: 24/72 MP: 11/11
 13648 | D:8      | Noticed a two-headed ogre
 13652 | D:8      | Killed a two-headed ogre
 13737 | D:9      | Reached skill level 10 in Evocations
 13771 | D:9      | Slain by a troll

Illustrated notes

Levels and vault maps discovered:
D:1:      lightli_arrival_isolated_outpost, layout_loops_ring,
          basic_ecumenical_altar
D:2:      layout_rooms
D:3:      layout_rooms, okawaru_trees_1, serial_shops, nicolae_lakefront_shop,
          chequers_decorated_corner, small_statue_intersection
D:4:      layout_loops_cross, minmay_temple_entry_stoned_glass,
          gammafunk_ghost_nasty_kobolds, uniq_edmund, uniq_ijyb
D:5:      lemuel_castle_with_subvaults [lemuel_castle_interior_carwin_1],
          layout_loops_corners, nrook_pool_corridor, minmay_shop_damaged,
          roderic_lattice_a, minmay_joined_circles
D:6:      layout_loops_ring, minivault_27
D:7:      layout_basic, grunt_decor_mini_mirrors,
          corexii_item_surrounded_by_moat, minmay_statues_item
D:8:      layout_loops_cross, enter_bailey_5, st_stairs_11, minivault_11
D:9:      layout_loops_ring, erik_lair_island, erik_orc_4, uniq_harold
Temple:   nicolae_temple_bog_church

Skill      XL: |  1  2  3  4  5  6  7  8  9 10 11 |
---------------+----------------------------------+-----
Short Blades   | 3 4 6 8 10 | 10.1
Stealth        | 6 7 9 |  9.3
Fighting       | 5 8 10 | 10.2
Dodging        | 3 5 6 |  6.9
Evocations     | 2 8 10 | 10.0
Throwing       | |  2.1

Action                   |  1- 3 |  4- 6 |  7- 9 | 10-12 || total
-------------------------+-------+-------+-------+-------++-------
Melee: Dagger            |    51 |    70 |   357 |   192 ||   670
       Punch             |       |       |     7 |     4 ||    11
       Short sword       |       |       |       |     1 ||     1
Throw: Dart              |       |     3 |     9 |       ||    12
Invok: Berserk           |       |       |     2 |     2 ||     4
       Trog's Hand       |       |       |     1 |       ||     1
       Brothers in Arms  |       |       |       |     2 ||     2
Evoke: Wand              |       |       |     1 |     3 ||     4
  Use: Scroll            |       |       |       |    15 ||    15
 Stab: Sleeping          |    22 |    26 |    31 |    10 ||    89
       Distracted        |       |     1 |     3 |     1 ||     5
Armor: Robe              |     4 |    11 |    29 |    12 ||    56
Dodge: Dodged            |    12 |    18 |   179 |   137 ||   346

Table legend: (Time is in decaauts)
 A = Elapsed time spent in this place.
 B = Non-inter-level travel time spent in this place.
 C = Inter-level travel time spent in this place.
 D = Time resting spent in this place.
 E = Time spent auto-exploring this place.
 F = Levels seen in this place.
 G = Mean time per level.
                   A        B        C        D        E       F      G
               +--------+--------+--------+--------+--------+-----+--------+
         Total |  13591 |  12760 |    831 |    936 |  10112 |  11 | 1235.5 |
       Dungeon |  12638 |  11814 |    824 |    936 |   9315 |   9 | 1404.2 |
        Temple |    305 |    298 |      7 |      0 |    261 |   1 |  305.0 |
        Bailey |    647 |    647 |      0 |      0 |    535 |   1 |  647.0 |
               +--------+--------+--------+--------+--------+-----+--------+

Top non-repeatable levels by time:
     D:5: 5167 daAuts
     D:8: 1490 daAuts
     D:7: 1465 daAuts
     D:4: 1091 daAuts
     D:1: 927 daAuts
     D:6: 924 daAuts
     D:3: 894 daAuts
  Bailey: 647 daAuts
     D:2: 629 daAuts
  Temple: 305 daAuts
     D:9: 48 daAuts
